 Dungeon Crawl Stone Soup version 0.25-a0-426-g7d9e569eea (webtiles) character file.

Game seed: 1798815074860671331, levelgen mode: deterministic

3716 BeastOfSaturn the Grappler (level 9, 0/67 HPs)
             Began as a Grey Draconian Transmuter on Jan 25, 2020.
             Was a Priest of Wu Jian.
             Slain by a komodo dragon (31 damage)
             ... on level 9 of the Dungeon.
             The game lasted 00:38:42 (11042 turns).

BeastOfSaturn the Grappler (DrTm)                  Turns: 11042, Time: 00:38:42

Health: 0/67       AC: 14    Str: 15    XL:     9   Next: 91%
Magic:  12/16      EV: 16    Int: 14    God:    Wu Jian [***...]
Gold:   457        SH:  0    Dex: 12    Spells: 0/18 levels left

rFire    + . .     SeeInvis .     - Unarmed
rCold    . . .     Gourm    +   (no shield)
rNeg     . . .     Faith    .   (armour unavailable)
rPois    .         Spirit   .   (helmet restricted)
rElec    .         Reflect  .   (no cloak)
rCorr    .         Harm     .   N - +0 pair of gloves
MR       .....                  M - +0 pair of boots
Stlth    ++........             q - amulet of the gourmand
HPRegen  0.21/turn              I - ring of protection from fire
MPRegen  0.15/turn              (no ring)

@: appendage, infused (expiring), singing, studying Dodging
A: walk through water, unfitting armour, horns 2, unbreathing, cold-blooded, AC
+12
a: End Transformation, Wall Jump, Serpent's Lash, Renounce Religion


You were on level 9 of the Dungeon.
You worshipped Wu Jian.
Wu Jian was most pleased with you.
You were not hungry.
You had grown temporary horns.
You visited 1 branch of the dungeon, and saw 9 of its levels.

You collected 457 gold pieces.

Inventory:

Missiles
 a - 21 arrows
 f - 19 poisoned darts (quivered)
Armour
 M - a +0 pair of boots (worn)
 N - a +0 pair of gloves (worn)
Magical Staves
 r - an uncursed staff of power {unknown}
 z - a cursed staff of earth {unknown}
Jewellery
 j - an uncursed amulet of magic regeneration
 q - an amulet of the gourmand (around neck)
 I - a ring of protection from fire (left hand)
Wands
 C - a wand of random effects (22)
 F - a wand of enslavement (8)
 H - a wand of digging (13)
Scrolls
 b - 4 scrolls of fear {unknown}
 c - 5 scrolls of remove curse
 d - 6 scrolls of teleportation
 e - 4 scrolls of enchant armour {unknown}
 g - 3 scrolls of immolation {unknown}
 i - 3 scrolls of identify
 k - 4 scrolls of enchant weapon {unknown}
 l - a scroll of magic mapping {unknown}
 t - 3 scrolls of random uselessness {unknown}
 u - a scroll of amnesia {unknown}
 x - a scroll of blinking {unknown}
 B - a scroll of fog {unknown}
 L - a scroll of vulnerability {unknown}
 O - a scroll of torment {unknown}
Potions
 h - 2 potions of brilliance
 m - a potion of ambrosia
 n - 2 potions of resistance
 o - 2 potions of might
 p - a potion of flight
 v - 3 potions of cancellation
 w - 2 potions of magic
 A - 2 potions of berserk rage
 D - a potion of heal wounds
 E - 2 potions of curing
 G - a potion of agility {unknown}
 J - a potion of degeneration {unknown}
 K - a potion of lignification {unknown}
Books
 y - a manual of Dodging
Comestibles
 s - 6 rations


   Skills:
 + Level 1.7 Fighting
 + Level 1.0 Throwing
 * Level 8.4 Dodging
 + Level 1.9 Stealth
 + Level 10.4 Unarmed Combat
 + Level 5.1 Spellcasting
 * Level 4.5 Transmutations
 + Level 1.2 Poison Magic


You couldn't memorise any spells.
You knew the following spells:

 Your Spells              Type           Power        Failure   Level  Hunger
a - Beastly Appendage     Tmut           ###...       2%          1    None
b - Spider Form           Tmut/Pois      ##........   16%         3    ###....
c - Blink                 Tloc           N/A          26%         2    ##.....
d - Slow                  Hex            #.......     26%         2    ##.....
e - Blade Hands           Tmut           ###.......   58%         5    ######.
f - Infusion              Chrm           #...         17%         1    None
g - Song of Slaying       Chrm           #.......     26%         2    ##.....
h - Shroud of Golubria    Chrm/Tloc      #.....       26%         2    ##.....

Your spell library contained the following spells:

 Spells                   Type           Power        Failure   Level  Hunger
 Sticks to Snakes         Tmut           ###.....     4%          2    ##.....
 Passwall                 Tmut/Erth      #.......     11%         2    ##.....
 Corona                   Hex            #......      17%         1    None
 Magic Dart               Conj           #...         17%         1    None
 Sandblast                Erth           #.....       17%         1    None
 Call Imp                 Summ           #.......     26%         2    ##.....
 Ensorcelled Hibernation  Hex/Ice        #.....       26%         2    ##.....
 Mephitic Cloud           Conj/Pois/Air  #.......     41%         3    ###....
 Confusing Touch          Hex            #.......     45%         3    ###....
 Conjure Flame            Conj/Fire      #.......     45%         3    ###....
 Dazzling Flash           Conj/Hex       #.....       45%         3    ###....
 Ozocubu's Armour         Chrm/Ice       #.......     45%         3    ###....
 Spectral Weapon          Hex/Chrm       #.......     45%         3    ###....
 Stone Arrow              Conj/Erth      #.....       45%         3    ###....
 Tukima's Dance           Hex            #.......     45%         3    ###....
 Ice Form                 Ice/Tmut       #.......     56%         4    ####...
 Petrify                  Tmut/Erth      #.......     56%         4    ####...
 Lee's Rapid Deconstruct  Erth           #.........   99%         5    ######.


Dungeon Overview and Level Annotations

Branches:
Dungeon (9/15)             Temple (0/1) D:7            Lair (0/6) D:9
    Orc: D:9-12

Altars:
Fedhas
Kikubaaqudgha
Ru
Wu Jian


Innate Abilities, Weirdness & Mutations

You can walk through water.
Your dull iron-grey scales are very hard. (AC +12)
You cannot fit into any form of body armour.
You can survive without breathing.
You are cold-blooded and may be slowed by cold attacks.
You have a pair of horns on your head.


Message History

Your magical infusion is running out.
The komodo dragon bites you!!
You closely miss the komodo dragon.
The komodo dragon is heavily wounded.
Casting: Song of Slaying (safe; 26% risk of failure)
Confirm with . or Enter, or press ? or * to list all spells.
You grow a pair of large bovine horns.
The komodo dragon bites you!
You punch the komodo dragon!
You tail-slap the komodo dragon, but do no damage.
Your punch misses the komodo dragon.
The komodo dragon is severely wounded.
The komodo dragon bites you.
You hit the komodo dragon. You headbutt the komodo dragon.
The komodo dragon is almost dead.
The komodo dragon barely misses you.
You barely miss the komodo dragon.
You headbutt the komodo dragon, but do no damage.
The komodo dragon is almost dead.
The komodo dragon bites you!!
You die...

#####.........PP...P#
....#...........PPPP#
###.'........P..PPPP#
###..........PPPPP#
######+##...PPPP#
#....PPP# ##....P##
##.l.## ##@##
.......>..#
..........#
........!.#
.%........#
..........#
.....^....#
..........#


You could see a komodo dragon.

Vanquished Creatures
  Pikel (D:6)
  A water moccasin (D:5)
  2 ice beasts
  A sky beast (D:5)
  2 phantoms
  5 ogres
  4 centaurs
  A bullfrog (D:8)
  A gnoll sergeant (D:6)
  2 jellies
  6 killer bees (D:8)
  3 wights (D:8)
  A howler monkey (D:5)
  2 vampire bats (D:2)
  7 crimson imps
  A centaur zombie (D:8)
  4 hounds
  3 orc priests
  A bullfrog skeleton (D:8)
  7 orc wizards
  2 iguanas
  6 worker ants
  A killer bee zombie (D:8)
  2 hound skeletons
  10 gnolls
  11 adders
  2 oozes
  An adder zombie (D:5)
  3 worms
  5 dart slugs
  6 leopard geckos
  17 orcs
  3 bat skeletons (D:2)
  3 bat zombies (D:2)
  3 giant cockroaches
  5 goblins
  5 hobgoblins
  6 jackals
  7 kobolds
  3 quokkas
  2 ball pythons
  4 bats
  6 frilled lizards
  11 rats
179 creatures vanquished.

Vanquished Creatures (others)
  A white imp (D:6)
  2 plants (D:9)
3 creatures vanquished.

Grand Total: 182 creatures vanquished

Notes
Turn   | Place    | Note
-------+----------+-------------------------------------------
     0 | D:1      | BeastOfSaturn the Draconian Transmuter began the quest for
                  | the Orb.
     0 | D:1      | Reached XP level 1. HP: 16/16 MP: 3/3
    87 | D:1      | Reached XP level 2. HP: 16/23 MP: 3/5
   375 | D:1      | Reached XP level 3. HP: 18/28 MP: 4/6
  1097 | D:2      | Found an ornate altar of the Wu Jian Council.
  1105 | D:2      | Became a worshipper of the Wu Jian Council
  1220 | D:2      | Reached XP level 4. HP: 16/35 MP: 7/7
  1268 | D:2      | Reached skill level 4 in Unarmed Combat
  1444 | D:2      | Found a blossoming altar of Fedhas.
  1649 | D:2      | Found an ancient bone altar of Kikubaaqudgha.
  1661 | D:2      | Reached * piety under Wu Jian
  1661 | D:2      | Reached XP level 5. HP: 37/40 MP: 8/8
  2119 | D:3      | Learned a level 3 spell: Spider Form
  2482 | D:3      | Reached skill level 5 in Unarmed Combat
  2510 | D:3      | HP: 2/40 [orc priest (1)]
  2519 | D:3      | Reached XP level 6. HP: 3/47 MP: 10/10
  3148 | D:4      | Learned a level 2 spell: Blink
  3151 | D:4      | Learned a level 2 spell: Slow
  3184 | D:4      | Reached skill level 1 in Poison Magic
  3462 | D:4      | Reached ** piety under Wu Jian
  3827 | D:4      | Your scales start taking on a dull iron-grey colour.
  3827 | D:4      | Reached XP level 7. HP: 48/52 MP: 9/12
  3827 | D:4      | Gained mutation: You can survive without breathing. [Grey
                  | Draconian growth]
  3946 | D:5      | Entered Level 5 of the Dungeon
  3995 | D:5      | Reached skill level 6 in Unarmed Combat
  4258 | D:5      | Reached skill level 1 in Throwing
  4656 | D:5      | Reached skill level 1 in Stealth
  5462 | D:5      | Reached skill level 5 in Dodging
  5462 | D:5      | Reached skill level 7 in Unarmed Combat
  5462 | D:5      | Reached XP level 8. HP: 37/59 MP: 13/13
  6443 | D:6      | Reached skill level 8 in Unarmed Combat
  7179 | D:6      | Noticed Pikel
  7194 | D:6      | Killed Pikel
  7194 | D:6      | Reached skill level 9 in Unarmed Combat
  7194 | D:6      | Reached XP level 9. HP: 34/67 MP: 15/15
  7522 | D:6      | Learned a level 5 spell: Blade Hands
  8638 | D:7      | Found a staircase to the Ecumenical Temple.
  9043 | D:7      | Found a sacrificial altar of Ru.
  9780 | D:8      | Reached skill level 10 in Unarmed Combat
  9904 | D:8      | Reached *** piety under Wu Jian
 10256 | D:8      | Reached skill level 5 in Spellcasting
 10772 | D:8      | Learned a level 1 spell: Infusion
 10775 | D:8      | Learned a level 2 spell: Song of Slaying
 10778 | D:8      | Learned a level 2 spell: Shroud of Golubria
 11010 | D:9      | Found a staircase to the Lair.
 11012 | D:9      | Noticed a komodo dragon
 11042 | D:9      | Slain by a komodo dragon

Levels and vault maps discovered:
D:1:      dpeg_arrival_rhombus, layout_loops_ring, minmay_box_of_dots
D:2:      layout_loops_ring, nicolae_overflow_crystal_walls,
          kennysheep_vampire_church, fedhas_altar_3, fountainhead
D:3:      layout_rooms, first_ration
D:4:      layout_rooms, minmay_manual_macuahuitl
D:5:      layout_loops_corners, nicolae_ossuary_entry_monument, serial_rivers,
          chequers_serial_rivers_micro_c, chequers_serial_rivers_small_b,
          chequers_serial_rivers_room_a, chequers_serial_rivers_marsh
D:6:      layout_gridville, minmay_fire_ice_demons, uniq_pikel
D:7:      layout_layer_cave, nicolae_ru_the_path_less_chosen,
          minmay_temple_entry_hall
D:8:      layout_basic
D:9:      layout_roguey, david_lair_shrubbed, serial_shops, shop, uniq_gastronok

Skill      XL: |  1  2  3  4  5  6  7  8  9 |
---------------+----------------------------+-----
Dodging        | 2 3 4 5 6 8 |  8.4
Unarmed Combat | 4 5 7 9 10 | 10.4
Spellcasting   | 3 4 5 |  5.1
Poison Magic   | 1 |  1.2
Throwing       | 1 |  1.0
Stealth        | 1 |  1.9
Transmutations | 3 4 |  4.5
Fighting       | |  1.7

Action                   |  1- 3 |  4- 6 |  7- 9 || total
-------------------------+-------+-------+-------++-------
Melee: Unarmed           |   127 |   183 |   401 ||   711
       Headbutt          |     8 |     5 |    26 ||    39
       Kick              |     6 |    18 |    26 ||    50
       Tailslap          |    10 |    15 |    45 ||    70
       Punch             |     2 |     3 |    12 ||    17
Throw: Dart              |     3 |     5 |       ||     8
 Cast: Beastly Appendage |    19 |    22 |    36 ||    77
       Spider Form       |       |     3 |     5 ||     8
       Infusion          |       |       |     2 ||     2
       Song of Slaying   |       |       |     2 ||     2
Invok: Lunge             |     4 |    11 |    17 ||    32
       Whirlwind         |       |     4 |    18 ||    22
  Use: Potion            |     1 |     2 |     7 ||    10
       Scroll            |       |     2 |     8 ||    10
 Stab: Sleeping          |     2 |     1 |     4 ||     7
  Eat: Ration            |     1 |     1 |     2 ||     4
       Chunk             |       |     4 |    17 ||    21
Armor: Skin              |    30 |    45 |    97 ||   172
Dodge: Dodged            |    70 |   131 |   299 ||   500

Table legend:
 A = Non-vault XP
 B = Vault XP
 C = Vault XP percentage of total XP
 D = Non-vault monster count
 E = Vault monster count
 F = Vault count percentage of total count
                 A         B        C        D         E       F
            +---------+---------+-------+---------+---------+-------
      Total |    4476 |     833 |  15.7 |     165 |      14 |   7.8
            +---------+---------+-------+---------+---------+-------
        D:1 |      36 |       8 |  18.2 |      18 |       4 |  18.2
        D:2 |      96 |     124 |  56.4 |      26 |       8 |  23.5
        D:3 |     154 |       0 |   0.0 |      23 |       0 |   0.0
        D:4 |     435 |       0 |   0.0 |      20 |       0 |   0.0
        D:5 |     802 |       0 |   0.0 |      18 |       0 |   0.0
        D:6 |    1161 |     701 |  37.6 |      29 |       2 |   6.5
        D:7 |     323 |       0 |   0.0 |       4 |       0 |   0.0
        D:8 |    1399 |       0 |   0.0 |      25 |       0 |   0.0
        D:9 |      70 |       0 |   0.0 |       2 |       0 |   0.0
            +---------+---------+-------+---------+---------+-------
